cohdb
Replays
Latest Replays
All Replays
Popular Replays
Top Player Replays
Match Explorer
How It Works
Community
CoH3 Stats
Reddit
Sign in to upload your games and track your stats! →
Sign in with Steam
Match 46792424
Unlisted
Match 46792424
Overview
Messages
Build Orders
End
Construct Weapon Support Center
Engineer Squad
Bazooka Squad
Sniper
Bazooka Squad
Bazooka Squad
Air Support Center
Air Supply
P-47 Dive Bomb
P-47 Strafing Run
Sniper
Construct Motor Pool
Construct Tank Depot
Selects Armored Battlegroup
Selects Veteran Crews
Selects Field Repairs
Selects Fast Deploy
Selects Seek and Destroy
Double Sortie
M18 Hellcat Tank Destroyer
P-47 Dive Bomb
P-47 Strafing Run
Selects Field Repairs
P-47 Strafing Run
M18 Hellcat Tank Destroyer
Selects War Machine
P-47 Strafing Run
Field Repairs
M18 Hellcat Tank Destroyer
M1919 Machine Gun Team
M1919 Machine Gun Team
P-47 Strafing Run
P-47 Dive Bomb
M1919 Machine Gun Team
M18 Hellcat Tank Destroyer
Grasshopper Recon Run
P-47 Dive Bomb
P-47 Strafing Run
Bazooka Squad
Improved M9 Bazooka Rockets
Bazooka Squad
P-47 Dive Bomb
Grasshopper Recon Run
Selects UNKNOWN (2160077)
Engineer Squad
M18 Hellcat Tank Destroyer
P-47 Strafing Run
P-47 Dive Bomb
M18 Hellcat Tank Destroyer
M1919 Machine Gun Team
M1919 Machine Gun Team
Grasshopper Recon Run
Field Repairs
M18 Hellcat Tank Destroyer
P-47 Strafing Run
P-47 Dive Bomb
1V7spermatovum
Nihil Vir
ongo goblogian the art collector
ToastyWaffles
Dragon_Man
ToxinX
熊猫Real tiger
GunnmB
0
0
Comments
sign in to comment!
No comments posted yet!